AoeStats
← Nerwerder

African Clearing

506696908Analyzed
2v2 RM · 17d ago on Sep 14, 2026· 53m 38s· 4 players
Game mode
Random Map
Map size
Medium (4 player)
Population
200
Speed
Normal
Resources
Standard
Victory
Conquest
Starting age
Dark Age
Ending age
Imperial Age
RankedLock teamsTeams togetherTeam positionsShared explorationLock speedFull tech treeHidden civsTurbo modeCheats
Victory
Defeat
🇫🇷 Huns · France
1348
+13
🇳🇱 Gurjaras · Netherlands
1324
+14
🇩🇪 Berbers · Germany
1292
-13
🇩🇪 Vietnamese · Germany
1292
-14
BenBouten4
4:50 Loom
13:16 Feudal Age
18:38 Castle Age
17:27 Bloodlines
18:05 Horse Collar
18:11 Double-Bit Axe
23:01 Wheelbarrow
23:39 Forging
23:44 Town Watch
24:15 Husbandry
27:36 Scale Barding Armor
28:12 Iron Casting
28:06 Fervor
28:17 Sanctity
33:25 Chain Barding Armor
36:23 Imperial Age
36:06 Hand Cart
36:03 Bow Saw
35:53 Heavy Plow
36:12 Fletching
37:02 Town Patrol
40:23 Kshatriyas
40:39 Conscription
40:56 Hoardings
41:26 Ballistics
42:06 Chemistry
41:02 Bodkin Arrow
41:43 Plate Barding Armor
41:10 Gold Mining
41:11 Stone Mining
42:16 Bracer
43:43 Gold Shaft Mining
43:44 Stone Shaft Mining
43:06 Elite Shrivamsha Rider
46:09 Elite Chakram Thrower
Polito
9:06 Loom
12:38 Feudal Age
13:28 Double-Bit Axe
14:41 Forging
15:48 Scale Barding Armor
19:44 Bloodlines
23:52 Castle Age
23:54 Light Cavalry
24:56 Chain Barding Armor
25:12 Iron Casting
24:51 Bow Saw
27:23 Fletching
27:38 Husbandry
28:01 Gold Mining
28:31 Bodkin Arrow
31:29 Ballistics
37:51 Wheelbarrow
37:02 Town Watch
38:20 Gold Shaft Mining
42:08 Imperial Age
40:05 Horse Collar
42:06 Hand Cart
42:10 Elite Tarkan
43:11 Conscription
43:38 Plate Barding Armor
43:04 Bracer
44:10 Chemistry
44:46 Cavalier
46:46 Blast Furnace
46:12 Paladin
49:22 Conscription
50:29 Two-Man Saw
51:17 Parthian Tactics
51:21 Thumb Ring
52:44 Heavy Plow
53:20 Heavy Cavalry Archer
Nerwerder
9:59 Loom
13:13 Feudal Age
22:39 Castle Age
21:56 Scale Mail Armor
23:24 Squires
24:52 Pikeman
30:11 Forging
31:36 Double-Bit Axe
32:00 Horse Collar
33:51 Fletching
43:33 Bow Saw
45:14 Wheelbarrow
44:25 Town Watch
47:52 Bodkin Arrow
Eichhörnchen
11:24 Loom
13:10 Feudal Age
14:18 Double-Bit Axe
17:51 Castle Age
17:23 Fletching
18:57 Gold Mining
19:22 Bow Saw
20:58 Bodkin Arrow
23:06 Pikeman
26:58 Horse Collar
29:01 Squires
31:18 Padded Archer Armor
31:41 Scale Mail Armor
32:49 Wheelbarrow
33:44 Hand Cart
35:19 Leather Archer Armor
35:20 Chain Mail Armor
38:02 Imperial Age
36:41 Forging
37:13 Ballistics
36:59 Town Watch
38:48 Bracer
39:19 Ring Archer Armor
39:45 Plate Mail Armor
38:52 Halberdier
39:00 Elite Skirmisher
40:20 Arson
41:38 Coinage
43:20 Iron Casting
43:22 Paper Money
44:12 Two-Man Saw
45:38 Elite Fire Lancer
Connection lost

Rejoining the realm…

Still unreachable

The connection could not be restored.

Session expired

The server has moved on; the page needs a fresh start.